 Dungeon Crawl Stone Soup version 0.28-b1-1-g3c77fb2ed1 (webtiles) character file.

Game seed: 16461038514501598814

49 cayde69 the Skirmisher (level 3, -2/33 HPs)
             Began as a Draconian Berserker on Jan 28, 2022.
             Was a Follower of Trog.
             Killed from afar by an orc wizard (9 damage)
             ... with a magic dart
             ... on level 3 of the Dungeon.
             The game lasted 00:05:29 (2058 turns).

cayde69 the Skirmisher (Draconian Berserker)        Turns: 2058, Time: 00:05:30

Health: -2/33      AC:  5    Str: 21    XL:     3   Next: 53%
Magic:  3/3        EV: 12    Int:  7    God:    Trog [*.....]
Gold:   144        SH:  0    Dex: 10    Spells: 2/2 levels left

rFire   . . .      SeeInvis .   a - +0 spear
rCold   . . .      Faith    .   (no shield)
rNeg    . . .      Spirit   .   (armour unavailable)
rPois   .          Reflect  .   (helmet restricted)
rElec   .          Harm     .   (no cloak)
rCorr   .          Rampage  .   (no gloves)
Will    ++...                   (no boots)
Stlth   +.........              l - amulet of regeneration
HPRegen 1.91/turn               (no ring)
MPRegen 0.08/turn               (no ring)

@: strong-willed, on berserk cooldown, regenerating, slowed, very slow
A: AC +5, unfitting armour, cold-blooded
a: Renounce Religion, Berserk


You were on level 3 of the Dungeon.
You worshipped Trog.
Trog was aware of your devotion.
You visited 1 branch of the dungeon, and saw 3 of its levels.

You collected 144 gold pieces.

Inventory:

Hand Weapons
 a - a +0 spear (weapon)
 c - a +0 hunting sling
Missiles
 k - 52 stones (quivered)
 m - 5 large rocks
Armour
 d - a +0 chain mail
Jewellery
 l - an amulet of regeneration (around neck)
Scrolls
 e - a scroll of brand weapon {unknown}
 g - a scroll of amnesia {unknown}
 h - a scroll of blinking {unknown}
 i - 2 scrolls of magic mapping {unknown}
 j - 2 scrolls of immolation {unknown}
 n - a scroll of vulnerability {unknown}
Potions
 b - 2 potions of attraction {unknown}
 f - a potion of brilliance {unknown}
 o - a potion of mutation {unknown}


   Skills:
 + Level 3.8 Fighting
 + Level 3.5 Polearms
 + Level 3.3 Dodging


You had 2 spell levels left.
You didn't know any spells.
Your spell library was empty.

Dungeon Overview and Level Annotations

Branches:
Dungeon (3/15)

Altars:
Fedhas


Innate Abilities, Weirdness & Mutations

Your plain brown scales are hard. (AC +5)
You cannot fit into any form of body armour.
You are cold-blooded and may be slowed by cold attacks.


Message History

* * * LOW HITPOINT WARNING * * *
The orc hits you with a +0 whip.
* * * LOW HITPOINT WARNING * * *
You hit the orc.
The orc is almost dead.
Something hits you but does no damage. The orc barely misses you.
Something hits you but does no damage. The orc misses you.
You barely miss the orc.
The orc is almost dead.
Something hits you.
* * * LOW HITPOINT WARNING * * *
The orc hits you but does no damage.
You barely miss the orc.
Your tail-slap misses the orc.
The orc is almost dead.
Something hits you.
* * * LOW HITPOINT WARNING * * *
The orc barely misses you.
Your skin crawls.
You feel strong-willed.
You can no longer call upon Trog for regeneration and willpower.
Something hits you.
* * * LOW HITPOINT WARNING * * *
The orc hits you with a +0 whip.
* * * LOW HITPOINT WARNING * * *
A gnoll comes into view. It is wielding a +0 spear.
Something hits you but does no damage. The orc hits you with a +0 whip.
* * * LOW HITPOINT WARNING * * *
You completely miss the orc.
The gnoll shouts!
Your tail-slap misses the orc.
The orc is almost dead.
Something hits you but does no damage. The orc barely misses you.
You hit the orc.
You kill the orc!
Trog accepts your kill. Something hits you but does no damage.
You hear some strange, mumbled words.
A magic dart appears from out of thin air!
The magic dart hits you!
You die...

......>..... #....
###........#
#....### #.....†...
#......# #....#...#
.g....# #.......##
#....######......###
#..................#
#...)######..#####.#
#..@)...........##.#
#...{.#####..##.##.#
#.....# #......#.#
#.....# ##.#####.#
#...#.######.# #.#
#.........##.# #.#
#.........##.# #..
#.........##.# ###
####......##.#


You could see a gnoll.

Vanquished Creatures
  2 dart slugs
  7 orcs (D:3)
  An endoplasm (D:2)
  2 giant cockroaches (D:1)
  5 goblins
  4 hobgoblins
  4 jackals (D:1)
  2 ball pythons
  5 bats
  2 kobolds
  A rat (D:2)
35 creatures vanquished.

Vanquished Creatures (others)
  2 fungi (D:1)
  A plant (D:1)
3 creatures vanquished.

Grand Total: 38 creatures vanquished

Notes
Turn   | Place    | Note
-------+----------+-------------------------------------------
     0 | D:1      | cayde69 the Draconian Berserker began the quest for the
                  | Orb.
     0 | D:1      | Reached XP level 1. HP: 19/19 MP: 1/1
   195 | D:1      | Found a faded altar of an unknown god.
   292 | D:1      | Reached XP level 2. HP: 26/26 MP: 2/2
  1001 | D:2      | Found a blossoming altar of Fedhas.
  1021 | D:2      | Reached ** piety under Trog
  1271 | D:2      | Reached XP level 3. HP: 33/33 MP: 3/3
  1966 | D:3      | Found a blossoming altar of Fedhas.
  2058 | D:3      | Killed from afar by an orc wizard

Illustrated notes

Levels and vault maps discovered:
D:1:      dpeg_arrival_tiny_j, layout_basic,
          shapermc_ecumenical_altar_rom_forum, kennysheep_doodads,
          minmay_tetromino_t4
D:2:      layout_basic, serial_co_window_serial, co_window_paths_a,
          co_window_corner_a, co_window_paths_a, co_window_of_opportunity_a,
          co_window_paths_a, co_window_unsneaky_path_a, co_window_cross_3,
          co_window_broadway_a, co_window_4corner_b, co_window_paths_e,
          glass_columns_c, glass_columns_a, basic_altar
D:3:      layout_basic, fedhas_altar_2

Skill      XL: |  1  2 |
---------------+-------+-----
Dodging        | 3 |  3.3
Fighting       | |  3.8
Polearms       | |  3.5

Action                   || total
-------------------------++-------
Melee: Spear             ||   154
       Tailslap          ||    18
       Punch             ||     1
Invok: Berserk           ||     1
       Trog's Hand       ||     1
  Use: Potion            ||     1
Armor: Skin              ||    42
Dodge: Dodged            ||    84
